Map: Чаща РВ (Void)

Players

Rocketship

  • Race: Zerg Zerg
  • League: Diamond
  • Spawn Location: 1:00

Kronaz - Winner!

  • Race: Terran Terran
  • League: Diamond
  • Spawn Location: 7:00

VOD

Have the link to the VOD?

Description

Time

  • Played on: Feb. 23, 2017, 1:30 p.m.
  • Length: 10:31
Show
View Real Time Build Order
Export as new Build Order

Rocketship Zerg 

Build Orders: Hatch First 

Get SALT Encoding   

  12  0:01  Drone  
  13  0:11  Drone  
  14  0:17  Overlord  
  14  0:35  Drone x2  
  14  0:36  Drone  
  17  0:47  Drone  
  18  0:57  Hatchery  
  17  1:06  Extractor, Drone  
  17  1:15  Spawning Pool  
  16  1:18  Drone  
  17  1:28  Drone  
  18  1:33  Drone  
  19  1:43  Overlord  
  19  1:52  Drone  
  20  2:03  Zergling x2  
  20  2:06  Queen  
  20  2:07  Metabolic Boost  
  23  2:09  Queen  
  23  2:12  Zergling x2  
  26  2:17  Drone  
  26  2:21  Drone  
  28  2:28  Drone  
  29  2:37  Zergling x4  
  31  2:51  Drone x2  
  31  2:54  Overlord  
  33  3:07  Drone x2  
  33  3:08  Overlord  
  35  3:14  Drone  
  35  3:15  Queen  
  35  3:17  Queen  
  40  3:33  Drone  
  40  3:34  Drone x2  
  43  3:38  Baneling Nest  
  42  3:49  Evolution Chamber x2, Roach Warren  
  39  4:08  Drone x4  
  43  4:25  Drone x4  
  43  4:26  Overlord x2  
  43  4:31  Hatchery  
  46  4:37  Drone x2  
  46  4:38  Overlord  
  48  4:40  Overlord  
  48  4:41  Pneumatized Carapace  
  48  4:43  Drone x2  
  50  5:05  Drone  
  50  5:06  Drone  
  52  5:09  Extractor x2  
  52  5:10  Extractor, Drone x2  
  52  5:11  Overlord, Drone x2  
  53  5:15  Overlord  
  53  5:22  Drone x2  
  55  5:29  Lair  
  55  5:46  Roach  
  55  5:47  Roach x8  
  73  5:51  Spine Crawler  
  73  5:52  Spine Crawler  
  73  5:53  Spine Crawler  
  70  5:58  Roach  
  70  5:59  Roach x4  
  68  6:20  Roach  
  68  6:21  Roach x6  
  66  6:33  Queen  
  66  6:35  Roach x4  
  67  6:46  Ravager  
  67  6:47  Ravager  
  61  6:48  Roach x4  
  67  7:16  Queen  
  67  7:17  Hatchery  
  65  7:36  Queen  
  65  7:38  Roach x6  
  77  8:08  Ravager x4  
  77  8:10  Roach x4  
  89  8:28  Evolution Chamber  
  89  8:29  Roach x2  
  92  8:47  Lair  
  92  9:02  Overlord x2  
  92  9:09  Spine Crawler  
  91  9:10  Spine Crawler  
  90  9:22  Hatchery  
  89  9:31  Ravager  
  89  9:32  Ravager x3  
  89  9:33  Roach  
  89  9:37  Roach x3  
  100  9:52  Roach x5  
Show
View Real Time Build Order
Export as new Build Order

Kronaz Terran - Winner!

Build Orders: Hellion Opening 

Get SALT Encoding   

  12  0:01  SCV  
  13  0:13  SCV  
  14  0:18  Supply Depot  
  14  0:26  SCV  
  14  0:28  Refinery  
  15  0:39  SCV  
  16  0:45  Barracks  
  16  0:51  SCV  
  17  1:03  SCV  
  18  1:15  SCV  
  19  1:31  Orbital Command  
  20  1:32  Reaper  
  20  1:47  Command Center  
  20  1:57  Factory  
  20  2:00  SCV  
  21  2:11  Barracks Reactor  
  21  2:12  Supply Depot  
  21  2:14  SCV  
  22  2:17  Refinery  
  22  2:26  SCV  
  23  2:44  SCV  
  24  2:48  Factory  
  28  2:58  Hellion x2  
  28  2:59  Orbital Command  
  28  3:01  SCV  
  29  3:06  Barracks Reactor  
  29  3:13  SCV  
  30  3:27  SCV  
  30  3:28  Hellion x2  
  34  3:39  Supply Depot  
  33  3:44  Supply Depot, SCV x2  
  35  3:49  Hellion  
  35  3:50  Hellion  
  35  3:55  Cyclone x2  
  45  3:56  SCV  
  46  4:03  Supply Depot  
  46  4:04  SCV  
  46  4:08  SCV  
  48  4:12  Refinery  
  48  4:14  Hellion, Refinery  
  50  4:19  Hellion  
  50  4:22  SCV x2  
  54  4:28  Armory  
  54  4:38  Cyclone  
  57  4:40  Cyclone  
  57  4:41  SCV  
  61  4:50  Hellion x2  
  61  4:51  SCV  
  66  4:57  Supply Depot, SCV  
  67  5:03  SCV  
  68  5:09  SCV  
  69  5:19  Cyclone x2, Terran Vehicle Weapons Level 1  
  75  5:26  Hellion  
  77  5:39  SCV  
  78  6:10  SCV x2  
  78  6:13  Hellion  
  76  6:21  Cyclone  
  76  6:22  SCV  
  76  6:25  SCV  
  77  6:28  Cyclone  
  77  6:30  Cyclone  
  77  6:34  SCV  
  77  6:35  Hellion  
  78  6:53  SCV x2  
  77  6:58  Command Center  
  77  7:01  Hellion  
  76  7:05  SCV x2  
  75  7:09  Factory  
  75  7:10  Factory  
  75  7:11  Engineering Bay, Factory  
  75  7:17  SCV  
  74  7:29  SCV x2  
  76  7:30  Terran Vehicle Weapons Level 2  
  76  7:36  Hellion  
  78  7:43  Supply Depot x2  
  78  7:44  Supply Depot  
  78  7:45  Supply Depot  
  78  7:58  Factory Tech Lab  
  78  7:59  Factory Tech Lab x2  
  78  8:05  Cyclone x2, Hellion  
  86  8:11  Orbital Command, SCV x2  
  88  8:17  Supply Depot  
  88  8:18  Siege Tank x3  
  97  8:20  Infernal Pre-Igniter  
  97  8:34  SCV x2  
  99  8:41  Supply Depot  
  99  8:42  Cyclone  
  99  8:43  Cyclone, Hellion x2  
  109  8:50  Hellion, Thor, Siege Tank  
  109  8:52  Orbital Command  
  120  9:05  Hellion x2  
  120  9:06  SCV  
  120  9:07  SCV  
  126  9:10  Supply Depot x2  
  126  9:11  Supply Depot, Thor  
  126  9:12  Refinery  
  126  9:13  Supply Depot  
  126  9:16  Refinery  
  132  9:21  SCV x2  
  132  9:22  SCV  
  135  9:33  Supply Depot  
  135  9:41  Siege Tank x2  
  138  9:54  Siege Tank  
  138  9:57  Cyclone x3, Hellion  
Tags
 
Add a new tag
Caveats
  • Supply blocks, unpowered buildings, or Contaminate may cause inaccurate times.
  • Supply counts are checked every 10 seconds.